 Dungeon Crawl Stone Soup version 0.24.0-35-gdb84b6a5db (webtiles) character file.

Game seed: 8035196158055059381, levelgen mode: deterministic

347 Flugslaktarn the Chopper (level 6, 0/56 HPs)
             Began as a Minotaur Monk on Nov 17, 2019.
             Killed from afar by an orc wizard (5 damage)
             ... with a magic dart
             ... on level 3 of the Dungeon.
             The game lasted 00:01:12 (2861 turns).

Flugslaktarn the Chopper (Minotaur Monk)            Turns: 2861, Time: 00:01:13

Health: 0/56       AC:  2    Str: 18    XL:     6   Next: 33%
Magic:  1/1        EV: 13    Int:  7    God:
Gold:   117        SH:  0    Dex: 12    Spells: 5/5 levels left

rFire    . . .     SeeInvis .   c - +1 hand axe (antimagic)
rCold    . . .     Gourm    .   (no shield)
rNeg     . . .     Faith    .   b - +0 robe
rPois    .         Spirit   .   (helmet restricted)
rElec    .         Reflect  .   (no cloak)
rCorr    .         Harm     .   (no gloves)
MR       .....                  (no boots)
Stlth    ++........             (no amulet)
HPRegen  0.18/turn              (no ring)
MPRegen  0.07/turn              (no ring)

@: no status effects
A: retaliatory headbutt, horns 2
a: no special abilities


You were on level 3 of the Dungeon.
You were not hungry.

You visited 1 branch of the dungeon, and saw 3 of its levels.

You collected 117 gold pieces.

Inventory:

Hand Weapons
 a - a +0 hand axe
 c - a +1 antimagic hand axe (weapon)
   (You found it on level 1 of the Dungeon)
Armour
 b - a +0 robe (worn)
Jewellery
 l - a cursed ring of attention {unknown}
   (You found it on level 2 of the Dungeon)
Wands
 m - a wand of iceblast (12)
   (You found it on level 2 of the Dungeon)
Scrolls
 d - 4 scrolls of identify {unknown}
 f - 2 scrolls of amnesia {unknown}
 h - a scroll of enchant armour {unknown}
 i - 3 scrolls of remove curse {unknown}
 j - a scroll of magic mapping {unknown}
 k - 2 scrolls of fog {unknown}
Potions
 g - 4 potions of invisibility {unknown}
Comestibles
 e - 4 rations


   Skills:
 + Level 5.3 Fighting
 * Level 6.6 Axes
 + Level 3.4 Armour
 - Level 3.4 Dodging
 - Level 1.5 Stealth


You had 5 spell levels left.
You didn't know any spells.
Your spell library was empty.

Dungeon Overview and Level Annotations

Branches:
Dungeon (3/15)

Altars:


Innate Abilities, Weirdness & Mutations

You reflexively headbutt those who attack you in melee.
You have a pair of horns on your head.


Message History

Deactivating autopickup; reactivate with Ctrl-A.
You closely miss something. Something hits you but does no damage.
You closely miss something. Your headbutt misses something.
Something hits you but does no damage.
You hit something. Something hits you.
* * * LOW HITPOINT WARNING * * *
You miss something. Your headbutt misses something. Something hits you.
* * * LOW HITPOINT WARNING * * *
You hit something but do no damage.
You hear some strange, mumbled words.
A magic dart appears from out of thin air!
The magic dart hits you!
* * * LOW HITPOINT WARNING * * *
You hit something. Your headbutt misses something. Something hits you.
* * * LOW HITPOINT WARNING * * *
You completely miss something. You headbutt something.
You hear some strange, mumbled words.
A magic dart appears from out of thin air!
The magic dart hits you.
You die...

#.............###
#..####....#..### #
#..# #..#.......# .#
#..#
#.....#....##.####
#..#
#.#.#....#........
#..# #.#........#.....
#..# #.###....#.....#
#..###.###.#.##.##..#
#............@{.....#
##........)..##.###.#
.#
#####.########)###.###
.. #.# #)....... ..#
#.# #[###.### ..# #.#
#.# #.#####..### #.#
#.###.#.........
#######.#
#.).............
#..>....#
#.#####.........


There were no monsters in sight!

Vanquished Creatures
  Sigmund (D:3)
  A crimson imp (D:3)
  An orc wizard (D:3)
  Natasha (D:3)
  An adder (D:2)
  A shadow imp (D:2)
  2 oozes (D:1)
  3 worms (D:2)
  A dart slug (D:2)
  4 leopard geckos
  2 orcs (D:3)
  2 ball pythons
  4 bats
  6 goblins
  6 hobgoblins
  4 jackals (D:1)
  A quokka (D:2)
  3 frilled lizards
  15 kobolds
  6 rats
65 creatures vanquished.

Notes
Turn   | Place    | Note
-------+----------+-------------------------------------------
     0 | D:1      | Flugslaktarn the Minotaur Monk began the quest for the Orb.
     0 | D:1      | Reached XP level 1. HP: 19/19 MP: 0/0
   120 | D:1      | Reached XP level 2. HP: 16/27 MP: 1/1
   123 | D:1      | Reached skill level 4 in Axes
   431 | D:1      | Reached skill level 1 in Armour
   663 | D:1      | Reached XP level 3. HP: 20/33 MP: 0/2
  1739 | D:2      | Reached XP level 4. HP: 40/40 MP: 1/3
  1763 | D:2      | Reached skill level 5 in Axes
  2548 | D:3      | Noticed Natasha
  2554 | D:3      | Killed Natasha
  2554 | D:3      | Reached XP level 5. HP: 38/47 MP: 1/4
  2622 | D:3      | Noticed Sigmund
  2640 | D:3      | Killed Sigmund
  2640 | D:3      | Reached skill level 5 in Fighting
  2640 | D:3      | Reached skill level 6 in Axes
  2640 | D:3      | Reached XP level 6. HP: 17/56 MP: 1/5
  2861 | D:3      | Killed from afar by an orc wizard

Levels and vault maps discovered:
D:1:      saegor_arrival_under_anarchy, layout_basic, minmay_pentomino_w2
D:2:      layout_basic, roderic_roman_lattice
D:3:      layout_loops_ring, uniq_sigmund, uniq_natasha

Skill      XL: |  1  2  3  4  5 |
---------------+----------------+-----
Axes           | 4 5 6 |  6.6
Armour         | 1 2 3 |  3.4
Fighting       | 4 5 |  5.3
Dodging        | |  3.4
Stealth        | |  1.5

Action                   |  1- 3 |  4- 6 || total
-------------------------+-------+-------++-------
Melee: Hand axe          |    79 |    69 ||   148
       Headbutt          |    15 |    13 ||    28
 Stab: Sleeping          |    10 |     3 ||    13
  Eat: Chunk             |     3 |       ||     3
       Ration            |       |     1 ||     1
Armor: Robe              |     9 |     2 ||    11
Dodge: Dodged            |    62 |    27 ||    89
